| TOP OF THE 1ST |
|
Great Falls Voyagers batting - Pitching for Detroit (APP) Tigers : RHP Cam Hurley
|
|
Pitching: RHP Cam Hurley
|
|
|
Batting: RHB Andy Cotton
|
0-0: Ball 1-0: Ball 2-0: Ball 3-0: Called Strike 3-1: Foul Ball, location: 2F 3-2: Base on Balls
|
|
Batting: RHB Enrique Gomez
|
0-0: Called Strike 0-1: Foul Ball, location: 2F 0-2: Foul Ball, location: 2F 0-2: Ball 1-2: Foul Ball, location: 2F 1-2: Ball 2-2: SINGLE (Line Drive, 34, EV 100.6 MPH) Andy Cotton to second
|
|
Batting: RHB Brad Adams Jr.
|
0-0: Called Strike 0-1: Called Strike 0-2: SINGLE (Line Drive, 9LS, EV 93.8 MPH) Andy Cotton to third Enrique Gomez to second Runner from 3rd tries for Home, SAFE, throw by RF to home
|
|
Batting: RHB Billy Grubbs
|
0-0: Ball Wild Pitch! Enrique Gomez to third Brad Adams Jr. to second 1-0: Fly out, F4 (Popup, 34S, EV 63.8 MPH)
|
|
Batting: RHB Mitch Cuadros
|
0-0: Called Strike 0-1: Ball 1-1: Ground out 6-3 (Groundball, 6, EV 80.0 MPH) Enrique Gomez scores
|
|
Batting: RHB Jake Feinstein
|
0-0: Called Strike 0-1: Ball 1-1: Foul Ball, location: 2F 1-2: Ground out 5-3 (Groundball, 5L, EV 81.9 MPH)
|
| Top of the 1st over - 2 runs, 2 hits, 0 errors, 1 left on base; Great Falls 2 - Detroit (APP) 0 |
| BOTTOM OF THE 1ST |
|
Detroit (APP) Tigers batting - Pitching for Great Falls Voyagers : RHP Juan Reyes
|
|
Pitching: RHP Juan Reyes
|
|
|
Batting: RHB Seth Fox
|
0-0: Ball 1-0: Called Strike 1-1: Ball 2-1: Foul Ball, location: 2F 2-2: Ball 3-2: Strikes out swinging
|
|
Batting: RHB Alex Duarte
|
0-0: Ball 1-0: Ground out 5-3 (Groundball, 56, EV 92.5 MPH)
|
|
Batting: RHB Nate Dabney
|
0-0: Ball 1-0: DOUBLE (Flyball, 89D, EV 101.9 MPH)
|
|
Batting: SHB Ronnie Lundy
|
0-0: Called Strike 0-1: Foul Ball, location: 2F 0-2: Foul Ball, location: 2F 0-2: Ball 1-2: Ball 2-2: Ball 3-2: Foul Ball, location: 2F 3-2: Fly out, F9 (Flyball, 8RS, EV 85.0 MPH)
|
| Bottom of the 1st over - 0 runs, 1 hit, 0 errors, 1 left on base; Great Falls 2 - Detroit (APP) 0 |
| TOP OF THE 2ND |
|
Great Falls Voyagers batting - Pitching for Detroit (APP) Tigers : RHP Cam Hurley
|
|
Batting: RHB Francisco Marin
|
0-0: Ball 1-0: Foul Ball, location: 2F 1-1: Ball 2-1: Ball 3-1: Foul Ball, location: 2F 3-2: Base on Balls
|
|
Batting: RHB David Cortez
|
0-0: SINGLE (Groundball, 4MD, EV 94.4 MPH) Francisco Marin to second
|
|
Batting: RHB Dave Dominguez
|
0-0: Ball 1-0: Ball 2-0: Called Strike 2-1: Swinging Strike 2-2: Strikes out looking
|
|
Batting: RHB Andy Cotton
|
0-0: Ball 1-0: Swinging Strike 1-1: DOUBLE (Flyball, 78XD, EV 97.5 MPH) Francisco Marin scores David Cortez to third
|
|
Batting: RHB Enrique Gomez
|
0-0: Ball 1-0: Swinging Strike 1-1: Ball 2-1: SINGLE (Line Drive, 6D, EV 94.4 MPH) David Cortez scores Andy Cotton to third
|
|
Batting: RHB Brad Adams Jr.
|
0-0: Fly out, F8 (Flyball, 8LM, EV 92.5 MPH)
|
|
Batting: RHB Billy Grubbs
|
0-0: Ball 1-0: Called Strike Enrique Gomez is caught stealing 2nd base 2-4
|
| Top of the 2nd over - 2 runs, 3 hits, 0 errors, 1 left on base; Great Falls 4 - Detroit (APP) 0 |
| BOTTOM OF THE 2ND |
|
Detroit (APP) Tigers batting - Pitching for Great Falls Voyagers : RHP Juan Reyes
|
|
Batting: RHB George Sonier
|
0-0: Called Strike 0-1: Ball 1-1: Foul Ball, location: 2F 1-2: Ground out U3 (Groundball, 3L, EV 97.5 MPH)
|
|
Batting: LHB Glen Boyle
|
0-0: Ball 1-0: Ball 2-0: Ball 3-0: Called Strike 3-1: Base on Balls
|
|
Batting: RHB Dustin Bursell
|
0-0: Ball 1-0: Foul Ball, location: 2F 1-1: Ball 2-1: SINGLE (Groundball, 34D, EV 96.9 MPH) Glen Boyle to second Runner from 2nd tries for 3rd, SAFE, throw by RF made to third
|
|
Batting: RHB Yasutaka Yamasaki
|
0-0: Called Strike 0-1: Ball 1-1: Ball 2-1: Ball 3-1: Swinging Strike 3-2: Foul Ball, location: 2F 3-2: Foul Ball, location: 2F 3-2: Fielders Choice at 2nd, 4-6 (Groundball, 4S, EV 83.1 MPH) Glen Boyle scores
|
|
Batting: SHB Salvador Lacosta
|
0-0: Swinging Strike 0-1: Fly out, F8 (Line Drive, 8RD, EV 91.2 MPH)
|
| Bottom of the 2nd over - 1 run, 1 hit, 0 errors, 1 left on base; Great Falls 4 - Detroit (APP) 1 |
| TOP OF THE 3RD |
|
Great Falls Voyagers batting - Pitching for Detroit (APP) Tigers : RHP Cam Hurley
|
|
Batting: RHB Billy Grubbs
|
0-0: Called Strike 0-1: Ball 1-1: Ball 2-1: Swinging Strike 2-2: Ball 3-2: Base on Balls
|
|
Batting: RHB Mitch Cuadros
|
0-0: Swinging Strike 0-1: Ball 1-1: Ball 2-1: Foul Ball, location: 2F 2-2: Strikes out swinging
|
|
Batting: RHB Jake Feinstein
|
0-0: Foul Ball, location: 2F 0-1: Ball 1-1: Ball 2-1: Ball 3-1: Foul Ball, location: 2F 3-2: Foul Ball, location: 2F 3-2: Foul Ball, location: 2F 3-2: Foul Ball, location: 2F 3-2: Foul Ball, location: 2F 3-2: Fly out, F9 (Flyball, 9D, EV 103.8 MPH)
|
|
Batting: RHB Francisco Marin
|
0-0: Ball 1-0: Called Strike 1-1: Foul Ball, location: 2F 1-2: Ball 2-2: Strikes out swinging
|
| Top of the 3rd over - 0 runs, 0 hits, 0 errors, 1 left on base; Great Falls 4 - Detroit (APP) 1 |
| BOTTOM OF THE 3RD |
|
Detroit (APP) Tigers batting - Pitching for Great Falls Voyagers : RHP Juan Reyes
|
|
Batting: RHB Seth Fox
|
0-0: Foul Ball, location: 2F 0-1: Ball 1-1: Foul Ball, location: 2F 1-2: Ball 2-2: Ground out 1-3 (Groundball, 15S, EV 61.2 MPH)
|
|
Batting: RHB Alex Duarte
|
0-0: Called Strike 0-1: Ball 1-1: Foul Ball, location: 2F 1-2: Foul Ball, location: 2F 1-2: Strikes out swinging
|
|
Batting: RHB Nate Dabney
|
0-0: Ball 1-0: Ball 2-0: SOLO HOME RUN (Flyball, 78XD, EV 110.0 MPH), Distance : 412 ft
|
|
Batting: SHB Ronnie Lundy
|
0-0: Foul Ball, location: 2F 0-1: Ball 1-1: Ball 2-1: Ball 3-1: Foul Ball, location: 2F 3-2: Strikes out swinging
|
| Bottom of the 3rd over - 1 run, 1 hit, 0 errors, 0 left on base; Great Falls 4 - Detroit (APP) 2 |
| TOP OF THE 4TH |
|
Great Falls Voyagers batting - Pitching for Detroit (APP) Tigers : RHP Cam Hurley
|
|
Batting: RHB David Cortez
|
0-0: Ground out 5-3 (Groundball, 5S, EV 88.1 MPH)
|
|
Batting: RHB Dave Dominguez
|
0-0: Called Strike 0-1: Swinging Strike 0-2: Ball 1-2: SINGLE (Groundball, 6MD, EV 101.9 MPH)
|
|
Pitching: RHP Efrain Diaz
|
|
|
Batting: RHB Andy Cotton
|
0-0: Called Strike 0-1: Swinging Strike 0-2: Ball 1-2: Ball 2-2: Ball 3-2: Grounds into double play, 5-4-3 (Groundball, 56, EV 103.8 MPH)
|
| Top of the 4th over - 0 runs, 1 hit, 0 errors, 0 left on base; Great Falls 4 - Detroit (APP) 2 |
| BOTTOM OF THE 4TH |
|
Detroit (APP) Tigers batting - Pitching for Great Falls Voyagers : RHP Juan Reyes
|
|
Batting: RHB George Sonier
|
0-0: Called Strike 0-1: Ball 1-1: Ground out 6-3 (Groundball, 6, EV 78.1 MPH)
|
|
Batting: LHB Glen Boyle
|
0-0: Called Strike 0-1: Swinging Strike 0-2: Strikes out swinging
|
|
Batting: RHB Dustin Bursell
|
0-0: Reached on error, E6 (Groundball, 56, EV 82.5 MPH)
|
|
Batting: RHB Yasutaka Yamasaki
|
0-0: Ball 1-0: SINGLE (Groundball, 6M, EV 95.0 MPH) Dustin Bursell to second
|
|
Batting: SHB Salvador Lacosta
|
0-0: Called Strike 0-1: Called Strike 0-2: Foul Ball, location: 2F 0-2: Ball 1-2: Ball 2-2: Strikes out swinging
|
| Bottom of the 4th over - 0 runs, 1 hit, 1 error, 2 left on base; Great Falls 4 - Detroit (APP) 2 |
| TOP OF THE 5TH |
|
Great Falls Voyagers batting - Pitching for Detroit (APP) Tigers : RHP Efrain Diaz
|
|
Batting: RHB Enrique Gomez
|
0-0: Called Strike 0-1: Foul Ball, location: 2F 0-2: Ground out 5-3 (Groundball, 5S, EV 67.5 MPH)
|
|
Batting: RHB Brad Adams Jr.
|
0-0: Ball 1-0: Called Strike 1-1: Ball 2-1: Ball 3-1: Base on Balls
|
|
Batting: RHB Billy Grubbs
|
0-0: Ball 1-0: Called Strike 1-1: Swinging Strike 1-2: Strikes out looking
|
|
Batting: RHB Mitch Cuadros
|
Pickoff Throw to First - Out! 1-3
|
| Top of the 5th over - 0 runs, 0 hits, 0 errors, 0 left on base; Great Falls 4 - Detroit (APP) 2 |
| BOTTOM OF THE 5TH |
|
Detroit (APP) Tigers batting - Pitching for Great Falls Voyagers : RHP Juan Reyes
|
|
Batting: RHB Seth Fox
|
0-0: SOLO HOME RUN (Flyball, 78XD, EV 105.0 MPH), Distance : 387 ft
|
|
Batting: RHB Alex Duarte
|
0-0: Foul Ball, location: 2F 0-1: Foul Ball, location: 2F 0-2: Ball 1-2: Ball 2-2: Ball 3-2: Strikes out looking
|
|
Batting: RHB Nate Dabney
|
0-0: Foul Ball, location: 2F 0-1: Ball 1-1: Foul Ball, location: 2F 1-2: Strikes out looking
|
|
Batting: SHB Ronnie Lundy
|
0-0: Ball 1-0: Ball 2-0: Ball 3-0: Called Strike 3-1: Foul Ball, location: 2F 3-2: Base on Balls
|
|
Batting: RHB George Sonier
|
0-0: Called Strike 0-1: Fly out, F9 (Flyball, 89M, EV 86.2 MPH)
|
| Bottom of the 5th over - 1 run, 1 hit, 0 errors, 1 left on base; Great Falls 4 - Detroit (APP) 3 |
| TOP OF THE 6TH |
|
Great Falls Voyagers batting - Pitching for Detroit (APP) Tigers : RHP Efrain Diaz
|
|
Batting: RHB Mitch Cuadros
|
0-0: Foul Ball, location: 2F 0-1: Called Strike 0-2: Ball 1-2: Ball 2-2: Ball 3-2: Base on Balls
|
|
Batting: RHB Jake Feinstein
|
0-0: Ball 1-0: Ball 2-0: Ball 3-0: Base on Balls Mitch Cuadros to second
|
|
Pinch Runner at 2nd Russ Cornett:
|
|
|
Batting: RHB Francisco Marin
|
0-0: Swinging Strike 0-1: Foul Ball, location: 2F 0-2: Ball 1-2: SINGLE (Groundball, 6, EV 96.9 MPH) Russ Cornett to third Jake Feinstein to second
|
|
Batting: RHB David Cortez
|
0-0: Ball 1-0: Swinging Strike 1-1: Called Strike 1-2: Strikes out swinging
|
|
Batting: RHB Dave Dominguez
|
0-0: SINGLE (Groundball, 6S, EV 70.0 MPH) (infield hit) Russ Cornett scores Jake Feinstein to third Francisco Marin to second
|
|
Batting: RHB Andy Cotton
|
0-0: Foul Ball, location: 2F 0-1: Ball 1-1: Ball 2-1: Ball 3-1: Base on Balls Jake Feinstein scores Francisco Marin to third Dave Dominguez to second
|
|
Batting: RHB Enrique Gomez
|
0-0: Ball 1-0: Foul Ball, location: 2F 1-1: Fielders Choice at 2nd, 4-6 (Groundball, 4, EV 80.6 MPH) Francisco Marin scores Dave Dominguez to third
|
|
Pitching: RHP David Kalinsky
|
|
|
Batting: RHB Brad Adams Jr.
|
0-0: Swinging Strike 0-1: Ball 1-1: 3-RUN HOME RUN (Line Drive, 78XD, EV 101.9 MPH), Distance : 407 ft
|
|
Batting: RHB Billy Grubbs
|
0-0: Ball 1-0: Hit by Pitch
|
|
Batting: RHB Russ Cornett
|
0-0: Called Strike 0-1: Foul Ball, location: 2F 0-2: Ball 1-2: Strikes out looking
|
| Top of the 6th over - 6 runs, 3 hits, 0 errors, 1 left on base; Great Falls 10 - Detroit (APP) 3 |
| BOTTOM OF THE 6TH |
|
Detroit (APP) Tigers batting - Pitching for Great Falls Voyagers : RHP Juan Reyes
|
|
Batting: LHB Glen Boyle
|
0-0: SINGLE (Line Drive, 8LS, EV 106.9 MPH)
|
|
Batting: RHB Dustin Bursell
|
0-0: 2-RUN HOME RUN (Flyball, 78XD, EV 103.8 MPH), Distance : 396 ft
|
|
Pitching: RHP Max Carter
|
|
|
Batting: RHB Yasutaka Yamasaki
|
0-0: Ball 1-0: SOLO HOME RUN (Flyball, 7D, EV 96.2 MPH), Distance : 364 ft
|
|
Batting: SHB Salvador Lacosta
|
0-0: Ball 1-0: Foul Ball, location: 2F 1-1: SINGLE (Line Drive, 6D, EV 94.4 MPH)
|
|
Batting: RHB Seth Fox
|
0-0: Foul Ball, location: 2F 0-1: Ball 1-1: Called Strike 1-2: Ball 2-2: Ball 3-2: Foul Ball, location: 2F 3-2: Fielders Choice at 2nd, 6-4 (Groundball, 6, EV 85.0 MPH)
|
|
Batting: RHB Alex Duarte
|
0-0: Ball 1-0: Fielders Choice at 2nd, 4-6 (Groundball, 34, EV 90.0 MPH)
|
|
Batting: RHB Nate Dabney
|
0-0: Foul Ball, location: 2F 0-1: Ball 1-1: Foul Ball, location: 2F 1-2: Ball 2-2: Foul Ball, location: 2F 2-2: Foul Ball, location: 2F 2-2: SINGLE (Groundball, 56D, EV 98.1 MPH) Alex Duarte to second Runner from 2nd tries for 3rd, OUT! 7-5
|
| Bottom of the 6th over - 3 runs, 5 hits, 0 errors, 1 left on base; Great Falls 10 - Detroit (APP) 6 |
| TOP OF THE 7TH |
|
Great Falls Voyagers batting - Pitching for Detroit (APP) Tigers : RHP David Kalinsky
|
|
Batting: RHB Jake Feinstein
|
0-0: Swinging Strike 0-1: Foul Ball, location: 2F 0-2: Strikes out swinging
|
|
Batting: RHB Francisco Marin
|
0-0: Foul Ball, location: 2F 0-1: Foul Ball, location: 2F 0-2: Fly out, F4 (Popup, 4, EV 70.6 MPH)
|
|
Batting: RHB David Cortez
|
0-0: Called Strike 0-1: Ball 1-1: Ball 2-1: Ground out 6-3 (Groundball, 6, EV 89.4 MPH)
|
| Top of the 7th over - 0 runs, 0 hits, 0 errors, 0 left on base; Great Falls 10 - Detroit (APP) 6 |
| BOTTOM OF THE 7TH |
|
Detroit (APP) Tigers batting - Pitching for Great Falls Voyagers : RHP Max Carter
|
|
Batting: SHB Ronnie Lundy
|
0-0: SOLO HOME RUN (Flyball, 9D, EV 96.9 MPH), Distance : 372 ft
|
|
Batting: RHB George Sonier
|
0-0: Ball 1-0: Foul Ball, location: 2F 1-1: Foul Ball, location: 2F 1-2: Foul Ball, location: 2F 1-2: SINGLE (Flyball, 34D, EV 86.2 MPH)
|
|
Batting: LHB Glen Boyle
|
0-0: Called Strike 0-1: Called Strike 0-2: Foul Ball, location: 2F 0-2: Ball 1-2: Ball 2-2: Fielders Choice at 2nd, 3-6 (Groundball, 3, EV 90.0 MPH)
|
|
Batting: RHB Dustin Bursell
|
0-0: Ball 1-0: Called Strike 1-1: Foul Ball, location: 2F 1-2: Hit by Pitch Glen Boyle to second
|
|
Batting: RHB Yasutaka Yamasaki
|
0-0: Grounds into double play, 6-4-3 (Groundball, 6, EV 87.5 MPH)
|
| Bottom of the 7th over - 1 run, 2 hits, 0 errors, 1 left on base; Great Falls 10 - Detroit (APP) 7 |
| TOP OF THE 8TH |
|
Great Falls Voyagers batting - Pitching for Detroit (APP) Tigers : RHP David Kalinsky
|
|
Batting: RHB Dave Dominguez
|
0-0: Ground out 5-3 (Groundball, 56, EV 85.6 MPH)
|
|
Batting: RHB Andy Cotton
|
0-0: Ground out 6-3 (Groundball, 6M, EV 92.5 MPH)
|
|
Batting: RHB Enrique Gomez
|
0-0: Ball 1-0: Foul Ball, location: 2F 1-1: Ball 2-1: Called Strike 2-2: Foul Ball, location: 2F 2-2: Ball 3-2: Foul Ball, location: 2F 3-2: Base on Balls
|
|
Batting: RHB Brad Adams Jr.
|
0-0: Swinging Strike Enrique Gomez is caught stealing 2nd base 2-4
|
| Top of the 8th over - 0 runs, 0 hits, 0 errors, 0 left on base; Great Falls 10 - Detroit (APP) 7 |
| BOTTOM OF THE 8TH |
|
Detroit (APP) Tigers batting - Pitching for Great Falls Voyagers : RHP Max Carter
|
|
Batting: SHB Salvador Lacosta
|
0-0: Ball 1-0: Foul Ball, location: 2F 1-1: Fly out, F7 (Flyball, 7LS, EV 93.8 MPH)
|
|
Batting: RHB Seth Fox
|
0-0: Ball 1-0: SINGLE (Line Drive, 7LS, EV 100.6 MPH)
|
|
Pitching: RHP Mike Brungardt
|
|
|
Pinch Hitting: LHB Simon Barry
|
0-0: Ball 1-0: Swinging Strike 1-1: Ball 2-1: Called Strike 2-2: Strikes out swinging
|
|
Batting: RHB Nate Dabney
|
0-0: Called Strike 0-1: Swinging Strike 0-2: Ball 1-2: Ball 2-2: Foul Ball, location: 2F 2-2: Strikes out swinging
|
| Bottom of the 8th over - 0 runs, 1 hit, 0 errors, 1 left on base; Great Falls 10 - Detroit (APP) 7 |
| TOP OF THE 9TH |
|
Great Falls Voyagers batting - Pitching for Detroit (APP) Tigers : RHP David Kalinsky
|
|
Now at 2B: Salvador Lacosta
|
|
|
Now at 3B: Simon Barry
|
|
|
Batting: RHB Brad Adams Jr.
|
0-0: Ball 1-0: Called Strike 1-1: Ball 2-1: Ball 3-1: Base on Balls
|
|
Batting: RHB Billy Grubbs
|
0-0: Ball 1-0: Ball 2-0: Called Strike 2-1: Called Strike 2-2: Foul Ball, location: 2F 2-2: Foul Ball, location: 2F 2-2: Fielders Choice at 2nd, 4-6 (Groundball, 4, EV 86.9 MPH)
|
|
Batting: RHB Russ Cornett
|
0-0: Called Strike 0-1: Ball 1-1: Ball 2-1: Grounds into double play, 6-4-3 (Groundball, 6, EV 88.1 MPH)
|
| Top of the 9th over - 0 runs, 0 hits, 0 errors, 0 left on base; Great Falls 10 - Detroit (APP) 7 |
| BOTTOM OF THE 9TH |
|
Detroit (APP) Tigers batting - Pitching for Great Falls Voyagers : RHP Mike Brungardt
|
|
Batting: SHB Ronnie Lundy
|
0-0: Ball 1-0: DOUBLE (Line Drive, 78XD, EV 106.2 MPH)
|
|
Batting: RHB George Sonier
|
0-0: Foul Ball, location: 2F 0-1: Called Strike 0-2: Ball 1-2: Ball 2-2: Foul Ball, location: 2F 2-2: Foul Ball, location: 2F 2-2: Ball 3-2: Fly out, F9 (Flyball, 9, EV 77.5 MPH)
|
|
Batting: LHB Glen Boyle
|
0-0: Ground out 3-1 (Groundball, 34S, EV 79.4 MPH) Ronnie Lundy to third
|
|
Pitching: RHP Ben Robertson
|
|
|
Batting: RHB Dustin Bursell
|
0-0: Ball 1-0: Called Strike 1-1: Called Strike 1-2: Ball 2-2: Ball 3-2: Foul Ball, location: 2F 3-2: Strikes out swinging
|
| Bottom of the 9th over - 0 runs, 1 hit, 0 errors, 1 left on base; Great Falls 10 - Detroit (APP) 7 |
|